 Dungeon Crawl Stone Soup version 0.20.1-1-g8b1a95d (webtiles) character file.

374336 equalderp2856 the Axe Maniac (level 21, -7/176 HPs)
             Began as a Minotaur Fighter on Sept 24, 2017.
             Mangled by a stone giant (20 damage)
             ... summoned by a glowing orange brain
             ... in a wizard's laboratory on Sept 25, 2017.
             The game lasted 03:28:50 (56820 turns).

equalderp2856 the Axe Maniac (Minotaur Fighter)    Turns: 56820, Time: 03:28:51

Health: -7/176     AC: 36    Str: 25 (26) XL:     21   Next: 76%
Magic:  22/22      EV: 12    Int:  0 (7)  God:
Gold:   2798       SH:  0    Dex: 19      Spells: 20/20 levels left

rFire    . . .     SeeInvis .   E - +7 war axe "Kewaz" {elec, Dex+2}
rCold    + . .     Gourm    .   v - +2 large shield {AC+3}
rNeg     + . .     Faith    .   C - +14 plate armour of the Valley {*Corrode rC+ rN+ Dex+3}
rPois    .         Spirit   .   o - +2 hat
rElec    .         Reflect  .   D - +0 cloak
rCorr    .         Harm     .   N - +1 pair of gloves
MR       +....                  p - +2 pair of boots
Stlth    ..........             n - amulet of regeneration
Regen    0.8/turn               L - ring of flight
MPRegen  0.2/turn               c - +3 ring of strength

@: confused, corroded, very slightly contaminated, slowed, lost intelligence,
very slow
A: retaliatory headbutt, horns 2, dopey 1, [frail 1], [screaming 1], [subdued
magic 1]
}: 2/15 runes: serpentine, barnacled
a: Evoke Flight


You were in a wizard's laboratory.
You were very hungry.

You visited 7 branches of the dungeon, and saw 37 of its levels.
You also visited: Sewer, Bailey and Wizlab.

You collected 4016 gold pieces.
You spent 1218 gold pieces at shops.

Inventory:

Hand Weapons
 r - a +7 trident of protection
 u - the +8 glaive of the Guard {elec, +Rage AC+5 SInv}
   (You found it on level 1 of the Vaults)

   Occasionally, upon striking a foe, it will discharge some electrical energy
   and cause terrible harm.
   It affects your AC (+5).
   It lets you see invisible.
   It lets you go berserk.
 E - the +7 war axe "Kewaz" (weapon) {elec, Dex+2}
   (You bought it in a shop on level 2 of the Orcish Mines)

   Occasionally, upon striking a foe, it will discharge some electrical energy
   and cause terrible harm.
   It affects your dexterity (+2).
 F - a +0 broad axe of venom
Armour
 b - the +6 chain mail of the Unseen Realm {+Blink rC+}
   (You found it on level 2 of the Shoals)

   It protects you from cold.
   It lets you blink.
 j - the +7 scale mail of Hepliaklqana's Anger {MR- Dex+10 SInv}
   (You found it on level 1 of the Vaults)

   It affects your dexterity (+10).
   It affects your resistance to hostile enchantments.
   It lets you see invisible.
 m - the +6 chain mail of Generosity {rElec Dex+4}
   (You found it on level 1 of the Vaults)

   It affects your dexterity (+4).
   It insulates you from electricity.
 o - a +2 hat (worn)
 p - a +2 pair of boots (worn)
 v - a +2 large shield of protection (worn)
 C - the +14 plate armour of the Valley (worn) {*Corrode rC+ rN+ Dex+3}
   (You bought it in a shop on level 2 of the Orcish Mines)

   It affects your dexterity (+3).
   It protects you from cold.
   It protects you from negative energy.
   It may corrode you when you take damage.
 D - a +0 cloak (worn)
 H - a +3 plate armour of cold resistance
 I - a +0 plate armour of magic resistance
 J - a +0 crystal plate armour
 N - a +1 pair of gloves (worn)
Jewellery
 c - a +3 ring of strength (right hand)
 n - an amulet of regeneration (around neck)
 s - the ring "Uppuklumn" {rPois Str+3}
   (You found it on level 4 of the Shoals)

   [ring of poison resistance]

   It affects your strength (+3).
   It protects you from poison.
 B - a +2 amulet of reflection
 L - a ring of flight (left hand)
 S - the amulet of Keytz {Faith rElec MR+ Dex+2}
   (You found it on level 4 of the Shoals)

   [amulet of faith]

   It allows you to gain divine favour quickly.
   It affects your dexterity (+2).
   It insulates you from electricity.
   It affects your resistance to hostile enchantments.
Wands
 a - a wand of scattershot (3/9)
 g - a wand of polymorph (13/24)
 i - a wand of digging (11/24)
 t - a wand of confusion (32/48)
 P - a wand of lightning (7/15)
 V - a wand of paralysis (12/24)
Scrolls
 k - 10 scrolls of identify
 w - 3 scrolls of teleportation
 A - a scroll of magic mapping
 O - 3 scrolls of fog
 R - 3 scrolls of fear
 X - 2 scrolls of remove curse
Potions
 d - 4 potions of might
 e - 12 potions of curing
 l - a potion of agility
 q - 2 potions of brilliance
 Y - 2 potions of flight
 Z - a potion of berserk rage
Miscellaneous
 T - a lightning rod (4/4)
Comestibles
 f - 29 bread rations
 x - 17 meat rations


   Skills:
 + Level 18.9 Fighting
 O Level 27 Axes
 + Level 6.5(19.5) Polearms
 + Level 16.4 Armour
 + Level 6.4 Dodging
 + Level 5.1 Stealth
 + Level 24.1 Shields
 + Level 0.2 Unarmed Combat
 + Level 3.3 Evocations


You had 20 spell levels left.
You didn't know any spells.

Dungeon Overview and Level Annotations

Branches:
Dungeon (15/15)            Temple (0/1) D:5            Lair (6/6) D:11
 Shoals (4/4) Lair:4        Snake (4/4) Lair:2        Slime (0/5) Lair:5
    Orc (2/2) D:10            Elf (0/3) Orc:2        Vaults (4/5) D:13
  Crypt (2/3) Vaults:2     Depths (0/5) D:15

Altars:
Dithmenos
Hepliaklqana
Makhleb
Okawaru
Qazlal
Uskayaw
Vehumet
Xom
Zin
The Shining One
Beogh
Jiyva

Shops:
D:6 *   D:14 *   Orc:1 !   Orc:2 [(}*

Portals:
Bazaar: Vaults:3
Trove: D:14 (give 2 scrolls of acquirement)

Annotations:
D:15 1 runed door


Innate Abilities, Weirdness & Mutations

You reflexively headbutt those who attack you in melee.
You have a pair of horns on your head.
You are dopey. (Int -2)
[You are frail. (-10% HP)]
[You occasionally shout uncontrollably at your foes.]
[Your spells are a little easier to cast, but a little less powerful.]


Message History

* * * LOW HITPOINT WARNING * * *
The cacodemon hits you but does no damage. x2
The stone giant hits you but does no damage.
The glowing orange brain blinks!
Your fear fades away.
The cacodemon gestures at you.
You feel yourself slow down.
The stone giant hits you but does no damage.
You can move again.
Unknown command.
Unknown command.
You barely miss the cacodemon.
You headbutt the cacodemon, but do no damage.
The cacodemon is heavily wounded.
You hit the eye of devastation but do no damage.
Lightning courses through the eye of devastation!
You slash the stone giant!
The cacodemon hits you but does no damage. x2
The stone giant hits you!!
You die...

##### ### ##.###4XX###.###
####..3.G3G.XX....###
#..#..G#.###X#......## .
...##..GG.2G ...#....###..
....##XGXXX ...##XG.......
.....#..#####..#GCX.#.....
##...### ####@2X...#
###...# ###X...# .###..##
##....... ..##...# #..#..#
......## ....## #....##
#...# ###.## ...# ..###
...# ...# ...


You could see 4 starcursed masses, a cacodemon, a stone giant, an eye of
devastation and a glowing orange brain.

Vanquished Creatures
  Mennas (Vaults:2)
  Bai Suzhen (Shoals:2)
  Frederick (Vaults:3)
  Margery (Vaults:2)
  The ghost of Dirian the Slayer, an adept MiFi of Qazlal (Shoals:3)
  Jorgrun (Shoals:3)
  The ghost of Dirian the Slayer, an adept MiFi of Makhleb (Shoals:4)
  A lich (Vaults:1)
  Polyphemus (Shoals:2)
  2 krakens
  Frances (Shoals:2)
  Kirke (Lair:5)
  Gastronok (Lair:1)
  An ancient champion (Crypt:1)
  A revenant (Vaults:2)
  Ilsuiw (Shoals:4)
  Donald (Snake:3)
  8 nagarajas
  3 frost giants
  Aizul (Snake:3)
  2 fire giants
  A deep elf sorcerer (Vaults:3)
  An orc warlord (Vaults:1)
  9 vault wardens
  Louise (Shoals:3)
  2 curse skulls (Crypt:1)
  10 ironheart preservers
  11 very ugly things
  A vampire knight (Crypt:1)
  8 stone giants
  4 entropy weavers
  3 deep elf annihilators
  2 deep elf death magi
  2 fire dragons
  10 merfolk javelineers
  5 ettins
  4 jiangshi
  2 great orbs of eyes
  12 merfolk impalers
  A rakshasa (Vaults:3)
  Harold (Orc:1)
  11 yaktaur captains
  7 hydras
  2 ice dragons (Vaults:4)
  Erolcha (D:10)
  7 vault guards
  13 naga warriors
  9 centaur warriors
  8 anacondas
  8 merfolk aquamancers
  2 catoblepae
  A satyr (Shoals:4)
  2 merfolk avatars (Shoals:4)
  A deep troll shaman (Vaults:4)
  13 ogre magi
  4 alligator snapping turtles
  2 vampire magi (Crypt:1)
  A queen ant (Lair:2)
  Urug (D:10)
  46 two-headed ogres
  9 death yaks
  2 deep troll earth magi (Vaults:2)
  17 naga sharpshooters
  A storm dragon zombie (Vaults:3)
  5 hell knights
  Nergalle (Lair:2)
  Sonja (D:12)
  5 shock serpents
  A soul eater (Crypt:1)
  5 deep elf knights
  2 orc high priests
  A wretched star (WizLab)
  16 sea snakes
  7 deep trolls
  2 salamander mystics (Snake:4)
  15 skeletal warriors
  A swamp dragon (Lair:6)
  5 wizards
  5 glowing orange brains (WizLab)
  7 unseen horrors
  A lindwurm (Lair:4)
  7 naga ritualists
  4 necromancers
  A phantasmal warrior (Crypt:1)
  12 ironbrand convokers
  A harpy (shapeshifter) (Vaults:4)
  4 wolf spiders
  7 mana vipers
  A mana viper (shapeshifter) (D:12)
  3 deep elf archers
  A wolf spider zombie (Crypt:2)
  11 deep elf magi
  4 oklob plants
  18 orc knights
  9 harpies
  10 fauns
  21 ugly things
  14 cyclopes
  7 salamanders
  12 manticores
  A cyclops (shapeshifter) (D:15)
  A fire giant zombie (Crypt:1)
  13 naga magi
  12 elephants
  A guardian serpent (shapeshifter) (D:15)
  6 merfolk sirens
  6 guardian serpents
  A storm dragon simulacrum (Vaults:1)
  4 eyes of devastation (WizLab)
  A black mamba (shapeshifter) (Vaults:2)
  A gargoyle (D:14)
  Maurice (D:10)
  6 water nymphs
  34 black mambas
  An eye of devastation (shapeshifter) (Vaults:4)
  16 spiny frogs
  10 vault sentinels
  7 rime drakes
  33 yaktaurs
  A yaktaur (shapeshifter) (D:15)
  12 komodo dragons
  2 kobold demonologists (D:11)
  2 freezing wraiths
  A harpy zombie (D:14)
  A death yak skeleton (Crypt:1)
  2 guardian mummies (D:14)
  39 merfolk
  7 wind drakes
  2 tengu conjurers
  10 trolls
  A hornet (Vaults:2)
  3 meliai (D:14)
  13 blink frogs
  A blink frog (shapeshifter) (Vaults:1)
  Grinder (Sewer)
  A raiju (shapeshifter) (D:15)
  10 hippogriffs
  9 slime creatures
  4 dream sheep (Shoals:1)
  15 snapping turtles
  12 water elementals
  3 wraiths
  A shadow (Crypt:1)
  A centaur simulacrum (D:15)
  Sigmund (D:5)
  2 wyverns
  A tarantella (Vaults:3)
  12 redbacks
  19 humans (D:13)
  6 steam dragons
  3 hogs (Lair:5)
  27 yaks
  A human (shapeshifter) (Vaults:2)
  7 golden eyes (WizLab)
  8 basilisks
  7 vampire mosquitoes
  Grum (D:9)
  4 hungry ghosts
  Menkaure (D:4)
  6 wargs
  4 acid dragons
  69 nagas
  5 soldier ants (Lair:2)
  6 porcupines
  14 water moccasins
  A merfolk skeleton (Crypt:1)
  A spiny frog skeleton (Crypt:1)
  A swamp drake (Lair:6)
  2 human zombies (Vaults:3)
  2 sky beasts
  2 black bears (D:11)
  An eye of draining (D:13)
  61 orc warriors
  4 ice beasts
  A phantom (D:9)
  6 starcursed masses (WizLab)
  An eye of draining (shapeshifter) (Vaults:2)
  41 ogres
  12 wolves
  21 centaurs
  A tengu (shapeshifter) (Vaults:4)
  Blork the orc (D:4)
  14 crocodiles
  A hog skeleton (Crypt:1)
  5 big kobolds
  24 bullfrogs
  A gnoll sergeant (D:12)
  A komodo dragon skeleton (Crypt:1)
  A wyvern skeleton (D:10)
  5 scorpions
  An elf simulacrum (Vaults:3)
  3 killer bees (D:4)
  18 wights
  3 electric eels
  6 crimson imps
  3 howler monkeys
  2 centaur zombies
  4 bullfrog zombies
  2 quasits
  Crazy Yiuf (D:5)
  8 centaur skeletons
  11 hounds
  5 jellies
  24 orc priests
  A bullfrog skeleton (D:12)
  8 iguanas
  A human skeleton (Crypt:2)
  24 orc wizards
  22 worker ants
  2 big kobold zombies (Sewer)
  A hound zombie (D:10)
  A howler monkey zombie (D:5)
  7 gnolls
  13 adders
  8 shadow imps
  2 ufetubi (Sewer)
  2 oozes
  An adder zombie (D:5)
  An iguana zombie (Crypt:1)
  An adder skeleton (D:8)
  11 leopard geckos
  115 orcs
  3 ball pythons
  A bat zombie (Sewer)
  3 giant cockroaches (D:4)
  11 hobgoblins
  10 jackals
  4 quokkas
  7 bats
  3 frilled lizards
  7 goblins
  37 kobolds
  2 kobold zombies (Sewer)
  A leopard gecko skeleton (D:6)
  8 rats
  9 fungi
  26 plants
  7 tentacles
1692 creatures vanquished.

Vanquished Creatures (others)
  A deep elf knight (Vaults:2)
  A sky beast (D:10)
  An orc warrior (Vaults:3)
  An orc wizard (D:10)
  An adder (D:5)
  A bush (Shoals:1)
  3 fungi
  33 plants
  26 tentacles
68 creatures vanquished.

Grand Total: 1760 creatures vanquished

Notes
Turn   | Place    | Note
-------+----------+-------------------------------------------
     0 | D:1      | equalderp2856 the Minotaur Fighter began the quest for the Orb.
     0 | D:1      | Reached XP level 1. HP: 19/19 MP: 0/0
   126 | D:1      | You fall through a shaft!
   178 | D:2      | Reached XP level 2. HP: 25/27 MP: 1/1
   248 | D:2      | Reached skill level 3 in Axes
   311 | D:2      | Reached XP level 3. HP: 31/33 MP: 2/2
   617 | D:2      | Found a hide-covered altar of Uskayaw.
   617 | D:2      | Found an iron altar of Okawaru.
  1261 | D:1      | Reached XP level 4. HP: 33/40 MP: 3/3
  1966 | D:3      | Found a burning altar of Makhleb.
  2121 | D:5      | Entered Level 5 of the Dungeon
  2406 | D:4      | Reached skill level 4 in Axes
  2406 | D:4      | Reached skill level 1 in Dodging
  2406 | D:4      | Reached XP level 5. HP: 40/47 MP: 4/4
  2424 | D:4      | Noticed Blork the orc
  2438 | D:4      | Found a shadowy altar of Dithmenos.
  2438 | D:4      | Found a radiant altar of Vehumet.
  2438 | D:4      | Found a hazy altar of Hepliaklqana.
  2438 | D:4      | Found a shimmering altar of Xom.
  2438 | D:4      | Found a stormy altar of Qazlal.
  2438 | D:4      | Found a hide-covered altar of Uskayaw.
  2455 | D:4      | Noticed an ogre
  2456 | D:4      | Reached skill level 5 in Shields
  2461 | D:4      | Killed an ogre
  2472 | D:4      | Reached XP level 6. HP: 21/53 MP: 5/5
  2539 | D:4      | Reached skill level 5 in Axes
  2583 | D:4      | Found a glowing drain.
  2671 | Sewer    | Entered a sewer
  2893 | Sewer    | Reached skill level 5 in Fighting
  3011 | Sewer    | Found a burning altar of Makhleb.
  3021 | Sewer    | Reached skill level 5 in Armour
  3128 | Sewer    | Reached XP level 7. HP: 54/61 MP: 6/6
  3173 | Sewer    | Noticed Grinder
  3177 | Sewer    | Paralysed by Grinder for 6 turns
  3189 | Sewer    | Paralysed by Grinder for 6 turns
  3225 | Sewer    | Killed Grinder
  3225 | Sewer    | Reached skill level 6 in Axes
  3716 | D:4      | Killed Blork the orc
  3830 | D:4      | Reached XP level 8. HP: 46/69 MP: 7/7
  3892 | D:4      | Reached skill level 7 in Axes
  4000 | D:4      | Noticed Menkaure
  4012 | D:4      | Killed Menkaure
  4526 | D:5      | Reached skill level 8 in Axes
  4590 | D:5      | Found a runed door.
  4784 | D:5      | Noticed Sigmund
  4793 | D:5      | Killed Sigmund
  4891 | D:5      | Found a staircase to the Ecumenical Temple.
  5118 | D:5      | Noticed Crazy Yiuf
  5124 | D:5      | Killed Crazy Yiuf
  5220 | D:6      | Reached skill level 9 in Axes
  5459 | D:6      | Reached XP level 9. HP: 73/78 MP: 8/8
  6419 | D:6      | Found Kutun's Serpentskin Sales.
  6694 | D:7      | Reached skill level 10 in Axes
  6846 | D:7      | Reached skill level 1 in Stealth
  7078 | D:7      | Found a flagged portal.
  7094 | Bailey   | Entered a bailey
  7321 | Bailey   | Noticed an orc knight
  7321 | Bailey   | Noticed an orc knight
  7634 | Bailey   | Killed an orc knight
  7643 | Bailey   | Reached skill level 1 in Polearms
  7643 | Bailey   | Reached XP level 10. HP: 74/86 MP: 8/10
  7965 | Bailey   | Killed an orc knight
  9260 | D:9      | Noticed Grum
  9272 | D:9      | Killed Grum
  9285 | D:9      | Reached skill level 11 in Axes
  9435 | D:9      | Reached skill level 10 in Shields
  9663 | D:10     | Entered Level 10 of the Dungeon
  9663 | D:10     | Noticed a two-headed ogre
  9673 | D:9      | Killed a two-headed ogre
  9757 | D:10     | Noticed Erolcha
  9768 | D:10     | Killed Erolcha
  9768 | D:10     | Reached XP level 11. HP: 84/95 MP: 11/11
  9855 | D:10     | Noticed a two-headed ogre
 10056 | D:9      | Killed a two-headed ogre
 10172 | D:10     | Noticed Urug
 10174 | D:10     | Found a staircase to the Orcish Mines.
 10201 | D:10     | Killed Urug
 10201 | D:10     | Reached skill level 12 in Axes
 10333 | D:10     | Noticed Maurice
 10340 | D:10     | Killed Maurice
 10401 | D:10     | Killed an unseen horror
 10705 | D:10     | Noticed a two-headed ogre
 10714 | D:10     | Killed a two-headed ogre
 11288 | D:11     | Noticed a two-headed ogre
 11311 | D:11     | Killed a two-headed ogre
 11311 | D:11     | Reached skill level 13 in Axes
 11311 | D:11     | Reached skill level 10 in Armour
 11468 | D:11     | Noticed a sun demon
 11646 | D:11     | Found a staircase to the Lair.
 11670 | D:11     | Reached skill level 5 in Dodging
 11708 | D:11     | Noticed a two-headed ogre
 11731 | D:11     | Killed a two-headed ogre
 11731 | D:11     | Reached XP level 12. HP: 78/105 MP: 12/12
 12021 | D:11     | Noticed a two-headed ogre
 12028 | D:11     | Killed a two-headed ogre
 12198 | D:12     | Reached skill level 10 in Fighting
 12212 | D:12     | Noticed a two-headed ogre
 12303 | D:11     | Killed a two-headed ogre
 12362 | D:11     | Reached skill level 14 in Axes
 12799 | D:12     | Noticed a two-headed ogre
 12807 | D:12     | Killed a two-headed ogre
 13323 | D:12     | Noticed Sonja
 13439 | D:13     | Reached XP level 13. HP: 56/116 MP: 13/13
 13531 | D:13     | Found a flickering gateway to a bazaar.
 13708 | D:13     | Paralysed by fainting for 11 turns
 13720 | D:13     | Paralysed by fainting for 6 turns
 14183 | D:13     | Reached skill level 15 in Axes
 14480 | D:13     | Found a gate to the Vaults.
 14846 | D:12     | Killed Sonja
 14913 | Lair:1   | Entered Level 1 of the Lair of Beasts
 15081 | Lair:1   | Noticed Gastronok
 15469 | Lair:1   | Killed Gastronok
 15469 | Lair:1   | Reached skill level 15 in Shields
 16231 | Lair:1   | Reached skill level 16 in Axes
 16912 | Lair:2   | Reached XP level 14. HP: 116/126 MP: 15/15
 17011 | Lair:2   | Found a staircase to the Snake Pit.
 17175 | Lair:2   | Noticed Nergalle
 17194 | Lair:2   | Killed Nergalle
 17541 | Lair:3   | Found a glowing golden altar of the Shining One.
 18290 | Lair:4   | Found a staircase to the Shoals.
 19944 | Lair:5   | Found a viscous altar of Jiyva.
 19948 | Lair:5   | Noticed Kirke
 20014 | Lair:5   | Killed Kirke
 20053 | Lair:5   | Got an amber-encrusted ring mail
 20055 | Lair:5   | Found a staircase to the Slime Pits.
 20066 | Lair:5   | Identified the cursed +0 ring mail "Zonko" {Str+3 Dex+3} (You found it on level 5 of the Lair of Beasts)
 20391 | Lair:6   | Entered Level 6 of the Lair of Beasts
 20407 | Lair:6   | Reached skill level 5 in Polearms
 21960 | Lair:6   | Reached XP level 15. HP: 131/136 MP: 16/16
 23670 | Orc:1    | Entered Level 1 of the Orcish Mines
 23739 | Orc:1    | Found a roughly hewn altar of Beogh.
 23965 | Orc:2    | Entered Level 2 of the Orcish Mines
 23980 | Orc:1    | Reached skill level 17 in Axes
 25023 | Orc:2    | Found Liashre's Gadget Shop.
 25023 | Orc:2    | Found Zafucajo's Weapon Emporium.
 25025 | Orc:2    | Found Wybli's Antique Armour Shoppe.
 25027 | Orc:2    | Found Nejin's General Store.
 25056 | Orc:2    | Bought a transparent plate armour for 560 gold pieces
 25067 | Orc:2    | Identified the +14 plate armour of the Valley {*Corrode rC+ rN+ Dex+3} (You bought it in a shop on level 2 of the Orcish Mines)
 25089 | Orc:2    | Bought the +7 war axe "Kewaz" {elec, Dex+2} for 658 gold pieces
 25166 | Orc:2    | Found a staircase to the Elven Halls.
 25672 | Orc:1    | Found Vejy's Distillery.
 25691 | Orc:1    | Noticed Harold
 25698 | Orc:1    | Killed Harold
 26487 | D:14     | Found a shadowy altar of Dithmenos.
 26609 | D:14     | Found Ilol's Pet Rocks.
 26682 | D:14     | Noticed a frost giant
 26693 | D:14     | Killed a frost giant
 26744 | D:14     | Found a portal to a secret trove of treasure.
 26814 | D:15     | Entered Level 15 of the Dungeon
 26874 | D:15     | Found a staircase to the Depths.
 27142 | D:15     | Found a glowing golden altar of the Shining One.
 27142 | D:15     | Found a runed door.
 27238 | D:15     | Reached XP level 16. HP: 147/147 MP: 17/17
 27877 | Snake:1  | Entered Level 1 of the Snake Pit
 28489 | Snake:2  | Reached skill level 18 in Axes
 28787 | Snake:2  | Reached skill level 15 in Fighting
 29782 | Snake:3  | Noticed Donald
 29790 | Snake:3  | Killed Donald
 30122 | Snake:4  | Entered Level 4 of the Snake Pit
 30126 | Snake:4  | Found a glowing silver altar of Zin.
 30429 | Snake:4  | Reached XP level 17. HP: 156/156 MP: 18/18
 30812 | Snake:4  | Noticed Aizul
 31532 | Snake:3  | Killed Aizul
 32131 | Snake:4  | Got a serpentine rune of Zot
 33412 | Snake:2  | Reached skill level 19 in Axes
 35033 | Shoals:1 | Entered Level 1 of the Shoals
 35437 | Shoals:1 | Noticed a kraken
 35485 | Shoals:1 | Killed a kraken
 36429 | Shoals:2 | Noticed Frances
 36446 | Shoals:2 | Killed Frances
 36446 | Shoals:2 | Reached XP level 18. HP: 89/168 MP: 19/19
 37329 | Shoals:3 | Noticed Jorgrun
 37338 | Shoals:3 | Noticed Louise
 37343 | Shoals:3 | Killed Jorgrun
 37364 | Shoals:3 | Killed Louise
 37465 | Shoals:3 | Noticed Bai Suzhen
 37466 | Shoals:3 | Noticed Polyphemus
 38128 | Shoals:2 | Killed Polyphemus
 38940 | Shoals:3 | Reached skill level 15 in Armour
 39027 | Shoals:3 | Reached skill level 20 in Axes
 39609 | Shoals:2 | Killed Bai Suzhen
 39784 | Shoals:3 | Noticed Dirian's ghost (adept MiFi)
 39819 | Shoals:3 | Killed Dirian's ghost
 39903 | Shoals:4 | Entered Level 4 of the Shoals
 39903 | Shoals:4 | Noticed Dirian's ghost (adept MiFi)
 39923 | Shoals:4 | Killed Dirian's ghost
 39923 | Shoals:4 | Reached skill level 5 in Stealth
 39984 | Shoals:4 | Noticed Ilsuiw
 40285 | Shoals:4 | Killed Ilsuiw
 40285 | Shoals:4 | Reached skill level 21 in Axes
 40801 | Shoals:4 | Reached skill level 22 in Axes
 41082 | Shoals:4 | Reached XP level 19. HP: 85/177 MP: 20/20
 41380 | Shoals:4 | Reached skill level 23 in Axes
 41620 | Shoals:4 | Got a barnacled rune of Zot
 41913 | Vaults:1 | Entered Level 1 of the Vaults
 42356 | Vaults:1 | Reached skill level 24 in Axes
 43165 | Vaults:1 | Reached skill level 25 in Axes
 44587 | Vaults:2 | Reached XP level 20. HP: 184/184 MP: 21/21
 44603 | Vaults:2 | Found a staircase to the Crypt.
 44853 | Vaults:2 | Reached skill level 26 in Axes
 45268 | Vaults:3 | Noticed Frederick
 45540 | Vaults:3 | Killed Frederick
 46279 | Vaults:3 | Found a gateway to a bazaar.
 46354 | Vaults:3 | Paralysed by fainting for 12 turns
 46374 | Vaults:3 | Paralysed by fainting for 11 turns
 46584 | Vaults:3 | Reached skill level 27 in Axes
 47295 | Vaults:4 | Noticed Mennas
 47619 | Vaults:2 | Killed Mennas
 48401 | Vaults:4 | Reached XP level 21. HP: 193/193 MP: 22/22
 49506 | Shoals:2 | Got a jasper-encrusted chain mail
 50060 | Shoals:4 | Got a coiled copper ring
 50116 | Shoals:4 | Got a smoking silver amulet
 50599 | Lair:2   | Identified the +6 chain mail of the Unseen Realm {+Blink rC+} (You found it on level 2 of the Shoals)
 50643 | Lair:1   | Identified the amulet of Keytz {Faith rElec MR+ Dex+2} (You found it on level 4 of the Shoals)
 50661 | Lair:1   | Identified the ring "Uppuklumn" {rPois Str+3} (You found it on level 4 of the Shoals)
 50879 | Vaults:1 | Got a crude scale mail
 51264 | Vaults:1 | Got a warped chain mail
 51265 | Vaults:1 | Identified the +7 scale mail of Hepliaklqana's Anger {MR- Dex+10 SInv} (You found it on level 1 of the Vaults)
 51266 | Vaults:1 | Identified the +6 chain mail of Generosity {rElec Dex+4} (You found it on level 1 of the Vaults)
 54819 | Crypt:1  | Entered Level 1 of the Crypt
 55336 | Crypt:1  | Noticed Margery
 55405 | Vaults:2 | Killed Margery
 56331 | Crypt:2  | Found a magical portal.
 56376 | WizLab   | Entered Lehudib's Moon Base
 56783 | WizLab   | HP: 8/176 [starcursed mass/accursed screaming[a glowing orange brain] (11)]
 56793 | WizLab   | Gained mutation: You are dopey. (Int -2) [a cacodemon]
 56810 | WizLab   | Paralysed by accursed screaming for 1 turns
 56816 | WizLab   | Lost intelligence.
 56820 | WizLab   | Mangled by a stone giant

Skill      XL: |  1  2  3  4  5  6  7  8  9 10 11 12 13 14 15 16 17 18 19 20 21 |
---------------+----------------------------------------------------------------+-----
Shields        | 4 5 6 7 8 10 12 13 15 16 18 19 21 22 23 24 | 24.1
Axes           | 3 4 5 6 9 10 11 13 14 16 17 18 19 22 25 27 | 27.0
Fighting       | 4 5 6 7 8 9 11 12 13 14 15 16 17 18 | 18.9
Armour         | 4 5 6 8 9 10 11 12 13 14 15 16 | 16.4
Dodging        | 1 2 3 4 5 6 |  6.4
Stealth        | 1 2 4 5 |  5.1
Evocations     | 2 3 |  3.3
Polearms       | 1 3 6 |  6.5
Unarmed Combat | |  0.2

Action                   |  1- 3 |  4- 6 |  7- 9 | 10-12 | 13-15 | 16-18 | 19-21 || total
-------------------------+-------+-------+-------+-------+-------+-------+-------++-------
Melee: War axe           |    81 |   173 |   322 |   640 |  1380 |   977 |  1453 ||  5026
       Headbutt          |    13 |    22 |    65 |   120 |   433 |   535 |   514 ||  1702
       Trident           |       |       |    38 |   106 |   177 |    22 |    10 ||   353
       Unarmed           |       |       |       |     2 |       |       |       ||     2
       Broad axe         |       |       |       |       |       |   689 |    63 ||   752
Evoke: Wand              |       |       |    24 |     1 |     4 |    24 |     3 ||    56
  Use: Potion            |       |     4 |     4 |     4 |     2 |     4 |    18 ||    36
       Scroll            |       |     4 |     7 |     1 |    23 |     6 |    25 ||    66
 Stab: Paralysed         |       |       |       |     2 |     2 |    10 |       ||    14
       Invisible         |       |       |       |       |     1 |       |       ||     1
       Petrified         |       |       |       |       |       |    21 |       ||    21
       Petrifying        |       |       |       |       |       |     4 |       ||     4
       Distracted        |       |       |       |       |       |       |     1 ||     1
  Eat: Chunk             |       |     5 |     9 |    17 |    32 |    13 |    14 ||    90
       Royal jelly       |       |     1 |       |     1 |     2 |     7 |     3 ||    14
       Bread ration      |       |       |     1 |       |       |       |       ||     1
       Meat ration       |       |       |     1 |       |     1 |     3 |     6 ||    11
       Fruit             |       |       |       |     1 |     6 |     6 |     2 ||    15
Armor: Scale mail        |    35 |   116 |    85 |       |       |       |       ||   236
       Plate armour      |       |       |    47 |   220 |   276 |   864 |   515 ||  1922
       Chain mail        |       |       |    39 |       |       |       |       ||    39
       Crystal plate arm |       |       |     2 |    21 |   369 |       |       ||   392
       Ring mail         |       |       |       |       |     2 |       |       ||     2
Dodge: Dodged            |    23 |    62 |   134 |    82 |   227 |   374 |   261 ||  1163
Block: Shield            |    45 |   127 |   293 |       |       |       |       ||   465
       Large shield      |       |       |    22 |   699 |  1481 |  2216 |  1507 ||  5925
